 Dungeon Crawl Stone Soup version 0.27.1-33-g824d729ab1 (webtiles) character file.

Game seed: 10403214111659402907

32 skirvin the Shield-Bearer (level 3, -2/29 HPs)
             Began as a Human Fighter on Dec 11, 2021.
             Slain by a worm (4 damage)
             ... on level 2 of the Dungeon.
             The game lasted 00:05:01 (864 turns).

skirvin the Shield-Bearer (Human Fighter)            Turns: 864, Time: 00:05:01

Health: -2/29      AC:  7    Str: 17    XL:     3   Next: 42%
Magic:  3/3        EV:  7    Int:  8    God:
Gold:   29         SH:  9    Dex: 12    Spells: 2/2 levels left

rFire    . . .     SeeInvis .   a - +0 war axe
rCold    . . .     Faith    .   c - +0 kite shield
rNeg     . . .     Spirit   .   b - +0 scale mail
rPois    .         Reflect  .   (no helmet)
rElec    .         Harm     .   f - +0 cloak
rCorr    .         Rampage  .   (no gloves)
Will     .....                  (no boots)
Stlth    ..........             (no amulet)
HPRegen  0.09/turn              (no ring)
MPRegen  0.08/turn              (no ring)

@: no status effects
A: no striking features
a: no special abilities


You were on level 2 of the Dungeon.
You visited 1 branch of the dungeon, and saw 2 of its levels.

You collected 29 gold pieces.

Inventory:

Hand Weapons
 a - a +0 war axe (weapon)
Armour
 b - a +0 scale mail (worn)
 c - a +0 kite shield (worn)
 f - a +0 cloak (worn)
 m - a +0 ring mail
Scrolls
 g - a scroll of silence {unknown}
 h - a scroll of vulnerability {unknown}
 j - a scroll of acquirement {unknown}
 k - a scroll of identify {unknown}
 l - a scroll of amnesia {unknown}
 n - a scroll of holy word {unknown}
Potions
 d - a potion of might
 e - a potion of flight {unknown}
 i - a potion of brilliance {unknown}
 o - a potion of haste {unknown}


   Skills:
 + Level 3.2 Fighting
 + Level 2.7 Axes
 + Level 3.1 Armour
 + Level 0.1 Stealth
 + Level 3.3 Shields


You had 2 spell levels left.
You didn't know any spells.
Your spell library was empty.

Dungeon Overview and Level Annotations

Branches:
Dungeon (2/15)

Altars:


Message History

The adder bites you but does no damage.
The hobgoblin hits you but does no damage.
A frilled lizard comes into view.
The adder bites you but does no damage. You block the hobgoblin's attack.
You closely miss the adder. You hit the worm but do no damage.
You hit the worm. You closely miss the hobgoblin. The adder closely misses you.
The adder bites you.
The hobgoblin hits you but does no damage.
You block the kobold's attack. The worm bites you! The worm barely misses you.
The adder bites you but does no damage.
You miss the adder.
You slash the worm! x2; You barely miss the kobold.
You closely miss the hobgoblin. You block the hobgoblin's attack.
You block the adder's attack.
The kobold hits you with a +0 short sword.
The hobgoblin hits you. The worm bites you. x2
The adder bites you but does no damage. The kobold hits you but does no damage.
You hit the adder but do no damage.
You hit the worm. x2; You hit the kobold.
You kill the kobold!
You hit the hobgoblin.
You kill the hobgoblin!
The adder closely misses you. The worm bites you.
* * * LOW HITPOINT WARNING * * *
The worm bites you.
* * * LOW HITPOINT WARNING * * *
The adder bites you but does no damage.
You hit the adder.
The adder is moderately wounded.
You hit the worm. x2; You block the adder's attack.
The frilled lizard barely misses you. The adder bites you but does no damage.
The worm barely misses you. x2
Unknown command.
You barely miss the adder.
The adder is moderately wounded.
You miss the frilled lizard. You hit the worm.
You kill the worm!
You hit the worm. The adder bites you but does no damage.
The frilled lizard barely misses you. You block the adder's attack.
The frilled lizard bites you but does no damage.
The worm bites you.
You die...

#.............
#............. ...
#..................
#..(........##......
##.............(.....
.....................
.......)l# #.........
......†@.###..........
......wS...............
......................)
..........#............
..........>.............
#.........#.............
#.......####............
#.......##..............
..........###..........


You could see a worm, an adder and a frilled lizard.

Vanquished Creatures
  A gnoll (D:1)
  A worm (D:2)
  3 endoplasms (D:1)
  A hobgoblin (D:2)
  2 kobolds
  A quokka (D:1)
  5 ball pythons
  A bat (D:1)
  A frilled lizard (D:1)
  4 goblins (D:1)
  A rat (D:1)
21 creatures vanquished.

Vanquished Creatures (others)
  A plant (D:1)
1 creature vanquished.

Grand Total: 22 creatures vanquished

Notes
Turn   | Place    | Note
-------+----------+-------------------------------------------
     0 | D:1      | skirvin the Human Fighter began the quest for the Orb.
     0 | D:1      | Reached XP level 1. HP: 18/18 MP: 1/1
   329 | D:1      | Reached XP level 2. HP: 24/24 MP: 2/2
   403 | D:1      | Reached XP level 3. HP: 4/29 MP: 3/3
   864 | D:2      | Slain by a worm

Illustrated notes

Levels and vault maps discovered:
D:1:      dpeg_arrival_connections, layout_rooms, serial_bayou_pond_c,
          minmay_heptomino_l4
D:2:      layout_rooms, shapermc_ecumenical_altar_mp_ritualfount

Action                   || total
-------------------------++-------
Melee: War axe           ||    55
Armor: Scale mail        ||    39
Dodge: Dodged            ||    23
Block: Kite shield       ||    41
